 Dungeon Crawl Stone Soup version 0.20.0-4-g10b340a (webtiles) character file.

6363 ChaseSP the Severer (level 10, -1/81 HPs)
             Began as a Hill Orc Fighter on May 27, 2017.
             Was an Elder of Okawaru.
             Slain by a white ugly thing (23 damage)
             ... on level 10 of the Dungeon.
             The game lasted 00:18:21 (8437 turns).

ChaseSP the Severer (Hill Orc Fighter)              Turns: 8437, Time: 00:18:22

Health: -1/81      AC: 25    Str: 20    XL:     10   Next: 97%
Magic:  10/10      EV: 10    Int:  8    God:    Okawaru [****..]
Gold:   761        SH:  0    Dex: 13    Spells: 9/9 levels left

rFire    . . .     SeeInvis .   Z - +2 battleaxe (drain)
rCold    . . .     Gourm    .   (shield currently unavailable)
rNeg     . . .     Faith    .   n - +0 chain mail
rPois    .         Spirit   .   e - +2 helmet
rElec    .         Reflect  .   (no cloak)
rCorr    .         Harm     .   q - +0 pair of gloves
MR       .....                  I - +1 pair of boots
Stlth    ..........             L - amulet of regeneration
Regen    0.7/turn               F - +4 ring of protection
MPRegen  0.2/turn               N - +3 ring of protection

@: no status effects
A: no striking features
a: Heroism, Renounce Religion


You were on level 10 of the Dungeon.
You worshipped Okawaru.
Okawaru was greatly pleased with you.
You were very hungry.

You visited 1 branch of the dungeon, and saw 11 of its levels.
You also visited: Ossuary.

You collected 761 gold pieces.

Inventory:

Hand Weapons
 a - a +0 war axe
 C - a +0 flail
 Z - a +2 battleaxe of draining (weapon)
Missiles
 Y - 45 bolts
Armour
 e - a +2 helmet (worn)
 n - a +0 chain mail (worn)
 q - a +0 pair of gloves (worn)
 H - a +0 plate armour
 I - a +1 pair of boots (worn)
 Q - the +0 buckler "Seext" {+Blink Str-5 SInv Stlth+}
   (You found it on level 7 of the Dungeon)

   It affects your strength (-5).
   It lets you see invisible.
   It lets you blink.
   It makes you more stealthy.
 V - a +0 leather armour of fire resistance
Jewellery
 j - an uncursed ring of magical power
 u - a +2 amulet of reflection
 F - a +4 ring of protection (left hand)
 L - an amulet of regeneration (around neck)
 N - a +3 ring of protection (right hand)
Wands
 d - a wand of random effects (39/48)
 w - a wand of lightning (10/15)
 K - a wand of paralysis (9/24)
 O - a wand of enslavement (9/24)
 S - a wand of polymorph (11/24)
 T - a wand of confusion (32/48)
 U - a wand of random effects (22/48)
Scrolls
 b - 4 scrolls of enchant armour
 i - 2 scrolls of identify
 k - 6 scrolls of remove curse
 p - 4 scrolls of magic mapping
 r - 2 scrolls of teleportation {unknown}
 t - 4 scrolls of fog
 v - a scroll of fear {unknown}
 x - a scroll of immolation
 y - 3 scrolls of recharging {unknown}
 M - 2 scrolls of amnesia
Potions
 l - a potion of mutation
 o - a potion of invisibility
 s - 4 potions of haste
 z - 4 potions of curing
 A - a potion of resistance
 B - 2 potions of cancellation
 D - 3 potions of agility
 E - 2 potions of flight
 G - 3 potions of lignification
 J - a potion of heal wounds
 W - a potion of degeneration
Books
 P - a book of Geomancy

   Spells                             Type                      Level
   a - Sandblast                      Earth                        1
   b - Passwall                       Transmutation/Earth          2
   c - Stone Arrow                    Conjuration/Earth            3
   d - Petrify                        Transmutation/Earth          4
   e - Lee's Rapid Deconstruction     Earth                        5
 R - a book of Changes

   Spells                             Type                      Level
   a - Beastly Appendage              Transmutation                1
   b - Sticks to Snakes               Transmutation                2
   c - Spider Form                    Transmutation/Poison         3
   d - Ice Form                       Ice/Transmutation            4
   e - Blade Hands                    Transmutation                5
Comestibles
 f - 12 bread rations
 g - 10 fruits
 h - 9 royal jellies
 m - 10 meat rations


   Skills:
 - Level 5.2 Fighting
 * Level 15.6 Axes
 + Level 8.0 Armour
 + Level 5.8 Dodging
 - Level 3.2 Shields


You had 9 spell levels left.
You didn't know any spells.

Dungeon Overview and Level Annotations

Branches:
Dungeon (11/15)            Temple (0/1) D:7            Lair (0/6) D:9
    Orc (0/2) D:9

Altars:
Ashenzari
Dithmenos
Fedhas
Kikubaaqudgha
Makhleb
Okawaru
Ru
Uskayaw
Vehumet
Yredelemnul

Shops:
D:4 (

Annotations:
D:7 exclusion: oklob plant


Message History

The cyclops throws a large rock.
The large rock hits you. The white ugly thing barely misses you.
You climb upwards.
There is a stone staircase leading down here.
Unknown command.
You slash the white ugly thing! You drain the white ugly thing!
The white ugly thing is moderately wounded.
The white ugly thing tentacle-slaps you.
The white ugly thing freezes you!!
* * * LOW HITPOINT WARNING * * *
You are too injured to fight recklessly!
You are too injured to fight recklessly!
You are too injured to fight recklessly!
You are too injured to fight recklessly!
You closely miss the white ugly thing.
The white ugly thing is moderately wounded.
The white ugly thing tentacle-slaps you.
* * * LOW HITPOINT WARNING * * *
The white ugly thing freezes you!!
You die...

#........##........#####
#####.##########.### #.
#........# ##'## #.
#.##.###.# ##...## ##.
#.##.###.# ##.....###..
#.....##.###.......##..
#......#.##.........#..
#......(..'.........+..
#..#.>@#.##.........##.
#......u.###...........
##.####### ##.....#....
#.# ##...##.... #.#
##'######. #.# #.# #.
#.# ##.## #. #.# #...#
## #.###########.#.##


You could see a white ugly thing.

Vanquished Creatures
  A hydra (D:10)
  Pikel (D:8)
  A troll (D:10)
  Grinder (D:5)
  A hornet (D:7)
  A hippogriff (D:9)
  A wyvern (D:7)
  A hungry ghost (D:9)
  Duvessa (D:6)
  5 orc warriors
  2 black bears
  2 sky beasts
  2 phantoms
  2 centaurs
  2 ogres
  5 bullfrogs
  A big kobold (D:9)
  A wyvern skeleton (D:10)
  2 water moccasin zombies
  3 scorpions
  Dowan (D:6)
  3 killer bees (D:9)
  2 electric eels (D:9)
  3 howler monkeys (D:8)
  2 crimson imps
  A bullfrog zombie (D:7)
  6 hounds
  2 human zombies (Ossuary)
  3 jellies (D:7)
  6 orc priests
  11 orc wizards
  4 bullfrog skeletons
  3 iguanas
  Natasha (thrice) (D:4)
  Ijyb (D:5)
  3 worker ants (D:5)
  A killer bee zombie (D:5)
  2 big kobold zombies (Ossuary)
  A hound skeleton (D:6)
  A hound zombie (D:5)
  2 mummies (Ossuary)
  A howler monkey zombie (D:8)
  8 adders
  2 shadow imps (D:7)
  16 oozes (D:7)
  An adder skeleton (D:6)
  3 adder zombies
  A worm (D:4)
  A dart slug (D:3)
  3 leopard geckos
  37 orcs
  9 bats
  3 giant cockroaches
  4 goblins
  5 hobgoblins
  24 jackals
  9 kobolds
  4 quokkas
  A ball python (D:4)
  2 frilled lizards
  A goblin zombie (Ossuary)
  8 hobgoblin zombies (Ossuary)
  3 jackal zombies (Ossuary)
  11 kobold zombies (Ossuary)
  A leopard gecko skeleton (D:6)
  8 orc zombies (Ossuary)
  2 quokka skeletons
  A quokka zombie (D:7)
  6 rats
272 creatures vanquished.

Vanquished Creatures (others)
  4 fungi (D:7)
4 creatures vanquished.

Grand Total: 276 creatures vanquished

Notes
Turn   | Place    | Note
-------+----------+-------------------------------------------
     0 | D:1      | ChaseSP the Hill Orc Fighter began the quest for the Orb.
     0 | D:1      | Reached XP level 1. HP: 19/19 MP: 1/1
    74 | D:1      | Reached skill level 3 in Axes
   219 | D:1      | Reached XP level 2. HP: 26/26 MP: 2/2
   331 | D:1      | Reached skill level 4 in Axes
   592 | D:2      | HP: 1/26 [adder (2)]
   599 | D:2      | Reached XP level 3. HP: 10/31 MP: 3/3
   895 | D:2      | Reached skill level 5 in Axes
  1214 | D:3      | Reached XP level 4. HP: 39/39 MP: 4/4
  1392 | D:3      | Found a burning altar of Makhleb.
  1400 | D:3      | Reached skill level 6 in Axes
  1440 | D:3      | Reached XP level 5. HP: 26/45 MP: 5/5
  1610 | D:4      | Found Pyjaote's Antique Weapon Emporium.
  1626 | D:4      | Noticed Natasha
  1631 | D:4      | Killed Natasha
  1631 | D:4      | Reached skill level 7 in Axes
  1652 | D:4      | Noticed Natasha
  1664 | D:4      | Killed Natasha
  1686 | D:4      | Noticed Natasha
  1695 | D:4      | Killed Natasha
  1702 | D:4      | Reached skill level 8 in Axes
  1702 | D:4      | Reached XP level 6. HP: 28/51 MP: 6/6
  1913 | D:4      | Noticed a phantom
  1948 | D:4      | Killed a phantom
  1948 | D:4      | Reached skill level 9 in Axes
  2082 | D:4      | Found a sacrificial altar of Ru.
  2123 | D:5      | Entered Level 5 of the Dungeon
  2354 | D:5      | Found a basalt altar of Yredelemnul.
  2401 | D:5      | Reached XP level 7. HP: 56/57 MP: 7/7
  2669 | D:5      | Reached skill level 10 in Axes
  2768 | D:5      | Noticed Ijyb
  2770 | D:5      | Noticed Grinder
  2778 | D:5      | Killed Ijyb
  2785 | D:5      | Killed Grinder
  2785 | D:5      | Reached skill level 1 in Dodging
  3483 | D:6      | Noticed Dowan
  3502 | D:6      | Killed Dowan
  3502 | D:6      | Reached XP level 8. HP: 58/67 MP: 8/8
  3503 | D:6      | Noticed Duvessa
  3529 | D:6      | Killed Duvessa
  3529 | D:6      | Reached skill level 11 in Axes
  3561 | D:6      | Found a blossoming altar of Fedhas.
  3578 | D:6      | Reached skill level 5 in Fighting
  3604 | D:6      | Found an iron altar of Okawaru.
  3628 | D:6      | Became a worshipper of Warmaster Okawaru
  3682 | D:6      | Found an ancient bone altar of Kikubaaqudgha.
  4134 | D:7      | Reached skill level 12 in Axes
  4366 | D:7      | Found a sand-covered staircase.
  4377 | Ossuary  | Entered an ossuary
  4565 | Ossuary  | Reached XP level 9. HP: 74/74 MP: 9/9
  4596 | Ossuary  | Reached * piety under Okawaru
  4801 | D:6      | Found a basalt altar of Yredelemnul.
  4935 | D:7      | Found a staircase to the Ecumenical Temple.
  4940 | D:7      | Noticed a hornet
  4942 | D:7      | Paralysed by a hornet for 1 turns
  4951 | D:7      | Killed a hornet
  4951 | D:7      | Reached skill level 5 in Armour
  5030 | D:7      | Reached skill level 13 in Axes
  5099 | D:7      | Found a shattered altar of Ashenzari.
  5316 | D:7      | Got a crude buckler
  5320 | D:7      | Reached ** piety under Okawaru
  5343 | D:7      | Noticed an oklob plant
  5355 | D:7      | Identified the cursed +0 buckler "Seext" {+Blink Str-5 SInv Stlth+} (You found it on level 7 of the Dungeon)
  5706 | D:8      | Noticed Pikel
  5718 | D:8      | Killed Pikel
  5718 | D:8      | Reached XP level 10. HP: 71/81 MP: 10/10
  5749 | D:8      | Reached skill level 14 in Axes
  6161 | D:8      | Found a shadowy altar of Dithmenos.
  6399 | D:9      | Found a radiant altar of Vehumet.
  6402 | D:9      | Found a hide-covered altar of Uskayaw.
  6522 | D:9      | Found a staircase to the Lair.
  6819 | D:9      | Reached *** piety under Okawaru
  6858 | D:9      | Reached skill level 5 in Dodging
  7106 | D:9      | Found a staircase to the Orcish Mines.
  7527 | D:10     | Entered Level 10 of the Dungeon
  7589 | D:10     | Reached skill level 15 in Axes
  7960 | D:10     | Noticed a four-headed hydra
  7980 | D:10     | Killed a four-headed hydra
  7980 | D:10     | Reached **** piety under Okawaru
  8430 | D:11     | Noticed a white ugly thing
  8430 | D:11     | Noticed a cyclops
  8437 | D:10     | Slain by a white ugly thing

Skill      XL: |  1  2  3  4  5  6  7  8  9 10 |
---------------+-------------------------------+-----
Axes           | 3 4 5 6 8 9 10 12 13 15 | 15.6
Fighting       | 4 5 |  5.2
Dodging        | 1 2 4 5 |  5.8
Armour         | 4 6 8 |  8.0
Shields        | |  3.2

Action                   |  1- 3 |  4- 6 |  7- 9 | 10-12 || total
-------------------------+-------+-------+-------+-------++-------
Melee: War axe           |   106 |   142 |   511 |   221 ||   980
       Battleaxe         |       |       |       |    87 ||    87
       Flail             |       |       |       |    20 ||    20
       Punch             |       |       |       |     1 ||     1
Invok: Heroism           |       |       |     1 |     2 ||     3
  Use: Potion            |     3 |       |     3 |       ||     6
       Scroll            |       |     4 |     7 |    11 ||    22
  Eat: Chunk             |     1 |     4 |    11 |    11 ||    27
Armor: Scale mail        |    18 |       |       |       ||    18
       Chain mail        |    84 |    87 |   263 |   136 ||   570
Dodge: Dodged            |    36 |    21 |    97 |   110 ||   264
Block: Shield            |    83 |    86 |   214 |    82 ||   465
       Reflection        |       |     2 |       |       ||     2
       Buckler           |       |       |     2 |       ||     2
